 Dungeon Crawl Stone Soup version 0.31-a0-329-g52107efa6a (webtiles) character file.

Game seed: 9185839350888884651

1203 gorbygor the Cudgeller (level 8, -2/69 (79) HPs)
             Began as a Troll Berserker on July 19, 2023.
             Was a Priest of Trog.
             Slain by a wight
             ... wielding a +4 hand axe of freezing
              (3 damage)
             ... on level 7 of the Dungeon.
             The game lasted 00:17:57 (5394 turns).

gorbygor the Cudgeller (Troll Berserker)            Turns: 5394, Time: 00:17:58

HP:   -2/69 (79)    AC:  5    Str: 25    XL:     8   Next: 21%
MP:   7/7           EV: 10    Int:  9    God:    Trog [***...]
Gold: 218           SH:  0    Dex:  8    Spells: 7/7 levels left

rFire   . . .        a - +0 mace
rCold   . . .        (no shield)
rNeg    . . .        b - +0 animal skin
rPois   +            (helmet restricted)
rElec   +            o - +0 cloak
rCorr   .            (gloves unavailable)
SInv    .            (boots unavailable)
Will    .....        (no amulet)
Stlth   +            q - ring of poison resistance
HPRegen 1.11/turn    (no ring)
MPRegen 0.10/turn

%: no passive effects
@: on berserk cooldown, slowed, heavily drained, very slow
A: large, unfitting armour, claws 3, regeneration 1, shaggy fur 1, tough skin 1,
clever 1, electricity resistance
a: Renounce Religion, Berserk, Trog's Hand


You were on level 7 of the Dungeon.
You worshipped Trog.
Trog was most pleased with you.
You visited 2 branches of the dungeon, and saw 8 of its levels.

You collected 278 gold pieces.
You spent 60 gold pieces at shops.

Inventory:

Hand Weapons
 a - a +0 mace (weapon)
Missiles
 n - 2 javelins
 s - a boomerang
 x - 5 poisoned darts
Armour
 b - a +0 animal skin (worn)
 o - a +0 cloak (worn)
Jewellery
 e - a +6 ring of dexterity
 i - an amulet of magic regeneration
 q - a ring of poison resistance (left claw)
 u - a ring of willpower
Wands
 l - a wand of mindburst (17)
 t - a wand of polymorph (11)
 v - a wand of flame (17)
 y - a wand of charming (12)
Scrolls
 c - a scroll of summoning
 g - 2 scrolls of immolation
 h - 2 scrolls of fog
 k - 2 scrolls of enchant weapon {unknown}
 m - 2 scrolls of blinking
 p - 2 scrolls of identify
 r - a scroll of noise
 w - 2 scrolls of teleportation
 A - 2 scrolls of revelation {unknown}
 C - a scroll of torment {unknown}
Potions
 d - 4 potions of haste
 f - 3 potions of heal wounds
 j - a potion of enlightenment
 z - a potion of cancellation {unknown}
 B - a potion of invisibility {unknown}


   Skills:
 * Level 4.5 Fighting
 * Level 6.6 Maces & Flails
 * Level 0.9 Throwing
 * Level 2.3 Armour
 * Level 4.2 Dodging
 + Level 0.2 Stealth


You had 7 spell levels left.
You didn't know any spells.
Your spell library was empty.

Dungeon Overview and Level Annotations

Branches:
Dungeon (7/15)             Temple (1/1) D:4

Altars:
Cheibriados
Dithmenos
Elyvilon
Fedhas
Gozag
Hepliaklqana
Makhleb
Nemelex Xobeh
Qazlal
Ru
Sif Muna
Uskayaw
Vehumet
Xom
Yredelemnul
Zin

Shops:
D:2 ?:(=   D:7 [


Innate Abilities, Weirdness & Mutations

You are too large for most types of armour.
You have claws for hands.
Your natural rate of healing is unusually fast.
You are covered in fur. (AC +1)
You have tough skin. (AC +1)
Your mind is acute. (Int +4, Str/Dex -1)
You are resistant to electric shocks. (rElec)


Message History

The wight hits you with a +4 hand axe of freezing.
* * * LOW HITPOINT WARNING * * *
You feel drained. The wight freezes you.
* * * LOW HITPOINT WARNING * * *
You closely miss the wight.
The wight is lightly damaged.
You closely miss the wight.
The wight is lightly damaged.
The wight hits you with a +4 hand axe of freezing!
* * * LOW HITPOINT WARNING * * *
The wight freezes you.
* * * LOW HITPOINT WARNING * * *
You hit the wight.
The wight is heavily damaged.
The wight hits you with a +4 hand axe of freezing!
* * * LOW HITPOINT WARNING * * *
You feel drained.
* * * LOW HITPOINT WARNING * * *
The wight freezes you.
* * * LOW HITPOINT WARNING * * *
You feel a strong urge to attack something.
You feel your anger nearly subside.
You are no longer berserk.
You are exhausted.
You feel yourself slow down.
There is a stone staircase leading down here.
The wight hits you with a +4 hand axe of freezing!
* * * LOW HITPOINT WARNING * * *
The wight freezes you.
* * * LOW HITPOINT WARNING * * *
The wight attacks as you move away!
The wight hits you with a +4 hand axe of freezing.
* * * LOW HITPOINT WARNING * * *
You feel drained.
* * * LOW HITPOINT WARNING * * *
The wight freezes you.
* * * LOW HITPOINT WARNING * * *
The wight hits you with a +4 hand axe of freezing.
* * * LOW HITPOINT WARNING * * *
You feel drained. The wight freezes you.
You die...

#.# #.########.# #.# #.# #.#
#########.# #.# #.# #.......#.#
#.# ####'## #.#####.#†####.##
#.....# ##.# #.#.#.....####.....#
...#####.#)#.##..##.......#
.#.......#.#..<..##.......#
.#.#.........#.∩@z......[.#
.#.#................>..!..#
.#.#.....#.#.#..###.......#
.#.#.........#.....#......# #
?#.#.....#.###..##.#......# .#
.#.#............(..##.....#####..
.#.#....##..........#..#..##...(.
.#.......'..........##.#...).....
.#########..........+..#.###.##..


You could see a wight.

Vanquished Creatures
  2 black bears
  2 ogres (D:5)
  A kobold brigand (D:6)
  A bullfrog (D:7)
  A scorpion (D:4)
  2 wights (D:7)
  2 hounds
  2 orc priests
  Terence (D:2)
  2 sleepcaps (D:7)
  Jessica (D:3)
  3 orc wizards
  3 iguanas
  4 gnolls
  3 adders
  A white imp (D:5)
  2 worms (D:2)
  2 dart slugs
  18 orcs
  A ball python (D:2)
  3 endoplasms
  A giant cockroach (D:3)
  7 goblins
  7 hobgoblins
  7 jackals (D:1)
  6 quokkas
  3 bats
  2 frilled lizards
  9 kobolds
  5 rats
104 creatures vanquished.

Notes
Turn   | Place    | Note
-------+----------+-------------------------------------------
     0 | D:1      | gorbygor the Troll Berserker began the quest for the Orb.
     0 | D:1      | Reached XP level 1. HP: 22/22 MP: 0/0
   117 | D:1      | Reached XP level 2. HP: 29/29 MP: 1/1
   157 | D:1      | Reached skill level 3 in Maces & Flails
   586 | D:1      | Reached XP level 3. HP: 34/36 MP: 2/2
   983 | D:2      | Reached XP level 4. HP: 43/44 MP: 3/3
  1134 | D:2      | Found Ruihuak's Jewellery Emporium.
  1160 | D:2      | Reached ** piety under Trog
  1163 | D:2      | Found Sagetey's Antique Weapon Emporium.
  1277 | D:2      | Found Hosoheif's Book Boutique.
  1457 | D:2      | Noticed Terence
  1469 | D:2      | Killed Terence
  1668 | D:2      | Found Reuceholl's Magic Scroll Shop.
  1671 | D:2      | Bought a scroll of identify for 20 gold pieces
  1671 | D:2      | Bought a scroll of identify for 20 gold pieces
  1671 | D:2      | Bought a scroll of identify for 20 gold pieces
  1723 | D:2      | Reached skill level 4 in Maces & Flails
  1822 | D:3      | Reached XP level 5. HP: 53/53 MP: 4/4
  2036 | D:3      | Found a hazy altar of Hepliaklqana.
  2344 | D:3      | Noticed Jessica
  2361 | D:3      | Killed Jessica
  2362 | D:3      | Reached skill level 1 in Armour
  2933 | D:4      | Reached XP level 6. HP: 39/61 MP: 5/5
  3287 | D:4      | Reached skill level 5 in Maces & Flails
  3356 | D:4      | Reached *** piety under Trog
  3676 | D:4      | Found a staircase to the Ecumenical Temple.
  3770 | Temple   | Entered the Ecumenical Temple
  3835 | D:5      | Entered Level 5 of the Dungeon
  3911 | D:5      | Found a shimmering altar of Xom.
  4022 | D:5      | Reached XP level 7. HP: 68/68 MP: 6/6
  4526 | D:5      | Gained mutation: Your mind is acute. (Int +4, Str/Dex -1)
                  | [potion of mutation]
  4526 | D:5      | Gained mutation: Armour fits poorly on your strangely
                  | shaped body. [potion of mutation]
  4526 | D:5      | Gained mutation: You are frail. (-10% HP) [potion of
                  | mutation]
  4527 | D:5      | Lost mutation: You are frail. (-10% HP) [potion of
                  | mutation]
  4527 | D:5      | Lost mutation: Armour fits poorly on your strangely shaped
                  | body. [potion of mutation]
  4527 | D:5      | Gained mutation: You are resistant to electric shocks.
                  | (rElec) [potion of mutation]
  4761 | D:6      | Reached skill level 6 in Maces & Flails
  5161 | D:7      | Reached XP level 8. HP: 29/79 MP: 7/7
  5259 | D:7      | Found Wyvvay Waill's Antique Armour Boutique.
  5393 | D:7      | HP: 3/70 [wight/+4 hand axe of freezing (1)]
  5394 | D:7      | HP: 1/70 [wight/+4 hand axe of freezing (5)]
  5394 | D:7      | Slain by a wight

Illustrated notes

Levels and vault maps discovered:
D:1:      lightli_arrival_quake, layout_loops_ring, serial_bayou,
          serial_bayou_crossing, serial_bayou_lagoon_b, serial_bayou_ford_a,
          serial_bayou_shore_a, serial_bayou_lake_a
D:2:      layout_basic, serial_shops, nicolae_shop_tiny_glass, shop,
          nicolae_shop_rolled_up, nicolae_shop_tiny_statue_garden,
          minmay_domino_2, uniq_terence
D:3:      layout_basic, lemuel_doored_altar, kennysheep_jessica_study
D:4:      layout_loops_corners, minmay_temple_entry_poolview
D:5:      layout_loops_ring, brannock_xom_greatest_gift
D:6:      layout_loops_ring
D:7:      layout_basic, serial_shops, shop, kennysheep_generic_room_15
Temple:   nicolae_temple_bog_church

Skill      XL: |  1  2  3  4  5  6  7 |
---------------+----------------------+-----
Maces & Flails | 3 4 5 6 |  6.6
Fighting       | 3 4 |  4.5
Dodging        | 3 4 |  4.2
Armour         | 1 2 |  2.3
Throwing       | |  0.9
Stealth        | |  0.2

Action                     |  1- 3 |  4- 6 |  7- 9 || total
---------------------------+-------+-------+-------++-------
  Melee: Mace              |    69 |   239 |   110 ||   418
         Punch             |     1 |       |     5 ||     6
 Invoke: Berserk           |     1 |     4 |     3 ||     8
    Use: Scroll            |       |    10 |     4 ||    14
         Potion            |       |       |     2 ||     2
   Stab: Sleeping          |       |     1 |       ||     1
 Armour: Animal skin       |    21 |    76 |    31 ||   128
  Dodge: Dodged            |    36 |   115 |    42 ||   193

Table legend: (Time is in decaauts)
 A = Elapsed time spent in this place.
 B = Non-inter-level travel time spent in this place.
 C = Inter-level travel time spent in this place.
 D = Time resting spent in this place.
 E = Time spent auto-exploring this place.
 F = Levels seen in this place.
 G = Mean time per level.
                   A        B        C        D        E       F      G
               +--------+--------+--------+--------+--------+-----+--------+
         Total |   5534 |   5054 |    480 |    327 |   3446 |   8 |  691.8 |
       Dungeon |   5500 |   5053 |    447 |    327 |   3446 |   7 |  785.7 |
        Temple |     34 |      1 |     33 |      0 |      0 |   1 |   34.0 |
               +--------+--------+--------+--------+--------+-----+--------+

Top non-repeatable levels by time:
     D:3: 1065 daAuts
     D:4: 998 daAuts
     D:2: 930 daAuts
     D:1: 906 daAuts
     D:5: 718 daAuts
     D:6: 606 daAuts
     D:7: 275 daAuts
  Temple: 34 daAuts
